 Dungeon Crawl Stone Soup version 0.18-a0-844-g9229740 (webtiles) character file.

83 JokEr the Skirmisher (level 4, -9/30 HPs)
             Began as a Gargoyle Chaos Knight on Dec 18, 2015.
             Splashed by a jelly's acid (11 damage)
             ... on level 3 of the Dungeon.
             The game lasted 00:05:19 (1826 turns).

JokEr the Skirmisher (Gargoyle Chaos Knight)        Turns: 1826, Time: 00:05:20

Health: -9/30      AC:  4    Str: 16    XL:     4   Next: 44%
Magic:  4/4        EV: 11    Int: 13    God:    Xom [.*....]
Gold:   58         SH:  0    Dex:  9    Spells: 0 memorised, 3 levels left

rFire  . . .     SeeInvis .     a - +0 mace (chaos)
rCold  . . .     Gourm    .     b - +2 leather armour
rNeg   + . .     Faith    .     (no shield)
rPois  ∞         Spirit   .     (no helmet)
rElec  +         Dismiss  .     (no cloak)
rCorr  .         Reflect  .     (no gloves)
SustAt .         Harm     .     (no boots)
MR     .....                    (no amulet)
Stlth  +.........               (no ring)
                                (no ring)

@: corroded equipment, not resistant to hostile enchantments, very unstealthy
A: negative energy resistance 1, electricity resistance, unbreathing,
petrification resistance, rot immunity, AC +3
a: Renounce Religion


You were on level 3 of the Dungeon.
You worshipped Xom.
You were a plaything of Xom.
You were not hungry.

You visited 1 branch of the dungeon, and saw 3 of its levels.

You collected 58 gold pieces.

Inventory:

Hand Weapons
 a - a +0 mace of chaos (weapon)
Armour
 b - a +2 leather armour (worn)
Jewellery
 e - a +4 ring of slaying {unknown}
Scrolls
 d - 3 scrolls of identify
 g - 2 scrolls of teleportation
 k - a scroll of fog
Potions
 f - a potion of flight {unknown}
 h - a potion of brilliance {unknown}
 i - a potion of curing {unknown}
 j - a potion of cancellation {unknown}
Comestibles
 c - 2 bread rations


   Skills:
 + Level 4.6 Fighting
 + Level 4.1 Maces & Flails
 - Level 2.1 Armour
 - Level 0.7 Dodging


You had 3 spell levels left.
You didn't know any spells.

Dungeon Overview and Level Annotations

Branches:
Dungeon (3/15)

Altars:


Innate Abilities, Weirdness & Mutations

You are resistant to torment.
Your stone body is resilient (AC +3).
You are immune to poison.
You resist negative energy.
You are resistant to electric shocks.
You can survive without breathing.
You are immune to petrification.
You are immune to rotting.


Message History

The jelly hits you.
You are splashed with acid!
The acid corrodes you!
The acid burns!
You barely miss the jelly.
The jelly is lightly wounded.
The jelly hits you but does no damage.
You hit the jelly. You burn the jelly.
Your hands burn!
The jelly is heavily wounded.
The jelly closely misses you.
You hit the jelly. You freeze the jelly.
Your hands burn!
* * * LOW HITPOINT WARNING * * *
The jelly is severely wounded.
The jelly closely misses you.
You hit the jelly. You freeze the jelly.
Your hands burn!
* * * LOW HITPOINT WARNING * * *
The jelly is almost dead.
The jelly hits you but does no damage. The jelly hits you.
* * * LOW HITPOINT WARNING * * *
You are splashed with acid!
The acid burns!
You die...
Xom howls with laughter!

#..... ############
#...... #..........#
....... #.?........#
....... #.....§§...#
....... #.....J@§..#
.......
...........####.......
#.$......$....<.......
.............##.......
#.........†### .......
#..........# .......
......###### .......
####.# ....... #.
#......


You could see a jelly.

Vanquished Creatures
  3 adders (D:2)
  A worm (D:2)
  6 bats
  2 giant cockroaches
  8 goblins
  5 hobgoblins
  7 kobolds
  2 ball pythons
  3 giant geckos
  A giant gecko skeleton (D:2)
  10 giant newts
  6 rats
54 creatures vanquished.

Notes
Turn   | Place    | Note
--------------------------------------------------------------
     0 | D:1      | JokEr the Gargoyle Chaos Knight began the quest for the Orb.
     0 | D:1      | Reached XP level 1. HP: 14/14 MP: 1/1
    12 | D:1      | XOM: silly message
   138 | D:1      | XOM: potion effect (berserk rage)
   187 | D:1      | XOM: mild Erth miscast
   234 | D:1      | Reached XP level 2. HP: 19/19 MP: 2/2
   295 | D:1      | XOM: silly message
   403 | D:1      | XOM: divination: detect creatures
   684 | D:1      | XOM: harmless Trmt miscast
   781 | D:2      | Reached skill level 4 in Fighting
   781 | D:2      | Reached XP level 3. HP: 24/24 MP: 3/3
   829 | D:2      | XOM: harmless Tloc miscast
  1208 | D:2      | XOM: colour smoke trail
  1253 | D:2      | XOM: enchant monster (bad)
  1415 | D:2      | Reached XP level 4. HP: 18/30 MP: 4/4
  1622 | D:2      | XOM: colour smoke trail
  1772 | D:2      | XOM: summons 5 hostile shadow creatures
  1822 | D:3      | XOM: smoke on damage
  1826 | D:3      | Splashed by a jelly's acid

Vault maps used:
D:1:      elethiomel_arrival_infinity_welcomes_careful_drivers
D:2:      minmay_lizard_king
D:3:      first_bread

Action                   |  1- 3 |  4- 6 || total
-------------------------+-------+-------++-------
Melee: Mace              |   143 |    43 ||   186
  Use: Scroll            |     2 |     1 ||     3
  Eat: Chunk             |     2 |     2 ||     4
